 Dungeon Crawl Stone Soup version 0.32-a0-630-g46d191b0ed (webtiles) character file.

Game seed: 4281702103324174071

59 Dittersdorf the Shield-Bearer (level 4, 0/29 HPs)
             Began as a Gargoyle Fighter on Mar 6, 2024.
             Slain by Sigmund
             ... wielding a +1 scythe of protection
              (3 damage)
             ... on level 2 of the Dungeon.
             The game lasted 00:00:45 (906 turns).

Dittersdorf the Shield-Bearer (Gargoyle Fighter)     Turns: 906, Time: 00:00:46

Health: 0/29       AC: 14    Str: 22    XL:     4   Next: 3%
Magic:  4/4        EV:  8    Int:  8    God:
Gold:   93         SH:  4    Dex:  9    Spells: 3/3 levels left

rFire   . . .        a - +0 flail
rCold   . . .        c - +0 buckler
rNeg    + . .        g - +0 chain mail
rPois   ∞            (no helmet)
rElec   +            (no cloak)
rCorr   .            i - +0 pair of gloves
SInv    .            (no boots)
Will    .....        (no amulet) Stlth
                     (no ring)
HPRegen 0.24/turn    (no ring)
MPRegen 0.09/turn

%: no passive effects
@: slowed, very slow
A: sickness immunity, AC +3, negative energy resistance 1, electricity
resistance, torment resistance 1, petrification resistance
a: no special abilities


You were on level 2 of the Dungeon.
You visited 1 branch of the dungeon, and saw 2 of its levels.

You collected 93 gold pieces.

Inventory:

Hand Weapons
 a - a +0 flail (weapon)
Armour
 c - a +0 buckler (worn)
 g - a +0 chain mail (worn)
 i - a +0 pair of gloves (worn)
Scrolls
 e - a scroll of noise {unknown}
 h - 2 scrolls of identify {unknown}
Potions
 b - a potion of attraction {unknown}
 d - a potion of might
 f - a potion of enlightenment {unknown}


   Skills:
 + Level 3.8 Fighting
 + Level 2.6 Maces & Flails
 + Level 3.8 Armour
 + Level 3.9 Shields


You had 3 spell levels left.
You didn't know any spells.
Your spell library was empty.

Dungeon Overview and Level Annotations

Branches:
Dungeon (2/15)

Altars:
Yredelemnul

Shops:
D:1 ?

Annotations:
D:2 Sigmund


Innate Abilities, Weirdness & Mutations

You are immune to sickness and miasma.
Your stone body is resilient. (AC +3)
You are immune to poison.
You resist negative energy. (rN+)
You are resistant to electric shocks. (rElec)
You are resistant to unholy torment.
You are immune to petrification.


Message History

Something hits you.
* * * LOW HITPOINT WARNING * * *
You are too injured to fight recklessly!
You are too injured to fight recklessly!
You are too injured to fight recklessly!
You are too injured to fight recklessly!
You are too injured to fight recklessly!
You are too injured to fight recklessly!
You are too injured to fight recklessly!
You are too injured to fight recklessly!
You are too injured to fight recklessly!
You are too injured to fight recklessly!
You are too injured to fight recklessly!
You are too injured to fight recklessly!
You are too injured to fight recklessly!
You are too injured to fight recklessly!
You are too injured to fight recklessly!
You are too injured to fight recklessly!
You are too injured to fight recklessly!
You are too injured to fight recklessly!
You are too injured to fight recklessly!
You barely miss Natasha.
Natasha is severely wounded.
Natasha hisses.
You block Natasha's attack.
The cerulean imp hits you from afar with a +4 spear.
* * * LOW HITPOINT WARNING * * *
Natasha claws you but does no damage. Something hits you but does no damage.
You block the cerulean imp's attack.
You sock Natasha!
You kill Natasha!
Natasha yowls pathetically as she dies!
The cerulean imp disappears in a puff of smoke! x2
Something hits you.
* * * LOW HITPOINT WARNING * * *
You have reached level 4!
You feel stronger. Something hits you but does no damage. Something hits you.
You die...

#.#
#.#####.###
#.# #.# #.#
#.# #.# #.#
#.# #.#
###.# #.#
#...### #.#
#.....#
#.###.....#
#......_..##
#####@.....#
#......#
##{....#
#.##### #r#
#.# #.# #.#
#.#


You could see a rat.

Vanquished Creatures
  Natasha (D:2)
  A gnoll (D:1)
  A dart slug (D:1)
  2 ball pythons (D:1)
  3 endoplasms (D:1)
  2 goblins (D:1)
  A hobgoblin (D:1)
  5 kobolds
  A quokka (D:2)
  2 bats (D:1)
  3 rats
22 creatures vanquished.

Notes
Turn   | Place    | Note
-------+----------+-------------------------------------------
     0 | D:1      | Dittersdorf the Gargoyle Fighter began the quest for the
                  | Orb.
     0 | D:1      | Reached XP level 1. HP: 14/14 MP: 1/1
    62 | D:1      | Found Fukhur's Magic Scroll Boutique.
   119 | D:1      | Reached XP level 2. HP: 19/19 MP: 2/2
   554 | D:1      | Reached XP level 3. HP: 23/23 MP: 3/3
   868 | D:2      | Found a basalt altar of Yredelemnul.
   895 | D:2      | Noticed Natasha
   896 | D:2      | Noticed Sigmund
   904 | D:2      | Killed Natasha
   905 | D:2      | Reached XP level 4. HP: 3/29 MP: 4/4
   906 | D:2      | Slain by Sigmund

Illustrated notes

Levels and vault maps discovered:
D:1:      shiori_arrival_maze, layout_loops_ring, serial_shops, shop
D:2:      layout_loops_ring, basic_altar, ebering_ecumenical_altar_rust,
          nicolae_shop_vocational, uniq_sigmund, uniq_terence, uniq_natasha

Action                     |  1- 3 |  4- 6 || total
---------------------------+-------+-------++-------
  Melee: Flail             |    81 |       ||    81
 Armour: Scale mail        |    28 |       ||    28
         Chain mail        |    46 |     2 ||    48
  Dodge: Dodged            |    31 |       ||    31
  Block: Buckler           |    21 |       ||    21

Table legend: (Time is in decaauts)
 A = Elapsed time spent in this place.
 B = Non-inter-level travel time spent in this place.
 C = Inter-level travel time spent in this place.
 D = Time resting spent in this place.
 E = Time spent auto-exploring this place.
 F = Levels seen in this place.
 G = Mean time per level.
                   A        B        C        D        E       F      G
               +--------+--------+--------+--------+--------+-----+--------+
         Total |    938 |    909 |     29 |      0 |    706 |   2 |  469.0 |
       Dungeon |    938 |    909 |     29 |      0 |    706 |   2 |  469.0 |
               +--------+--------+--------+--------+--------+-----+--------+

Top non-repeatable levels by time:
     D:1: 817 daAuts
     D:2: 120 daAuts
